 Dungeon Crawl Stone Soup version 0.29-a0-717-g6dac4ea423 (webtiles) character file.

Game seed: 17906893565122363864

167 YayAnonymity the Cudgeller (level 5, -2/50 HPs)
             Began as a Troll Gladiator on June 27, 2022.
             Slain by an orc
             ... wielding a +0 flail
              (3 damage)
             ... on level 3 of the Dungeon.
             The game lasted 00:03:00 (1959 turns).

YayAnonymity the Cudgeller (Troll Gladiator)        Turns: 1959, Time: 00:03:01

Health: -2/50      AC:  5    Str: 22    XL:     5   Next: 23%
Magic:  4/4        EV: 10    Int:  6    God:
Gold:   157        SH:  0    Dex: 11    Spells: 4/4 levels left

rFire   . . .      SeeInvis .   (no weapon)
rCold   . . .      Faith    .   q - orb {mayhem}
rNeg    . . .      Spirit   .   b - +0 robe
rPois   .          Reflect  .   c - +0 hat
rElec   .          Harm     .   f - +0 cloak
rCorr   .          Rampage  .   (gloves unavailable)
Will    .....                   (boots unavailable)
Stlth   +.........              (no amulet)
HPRegen 0.96/turn               (no ring)
MPRegen 0.09/turn               (no ring)

@: no status effects
A: large, unfitting armour, claws 3, regeneration 1, shaggy fur 1, tough skin 1
a: no special abilities


You were on level 3 of the Dungeon.
You visited 1 branch of the dungeon, and saw 3 of its levels.

You collected 157 gold pieces.

Inventory:

Hand Weapons
 a - a +0 flail
Missiles
 d - 5 throwing nets (quivered)
 e - a large rock
 r - 3 boomerangs
 s - 4 curare-tipped darts
Armour
 b - a +0 robe (worn)
 c - a +0 hat (worn)
 f - a +0 cloak (worn)
 q - an orb of mayhem (worn)
Scrolls
 g - 5 scrolls of identify {unknown}
 j - 3 scrolls of teleportation {unknown}
 k - a scroll of poison {unknown}
 m - 2 scrolls of noise {unknown}
 n - a scroll of blinking {unknown}
 o - a scroll of summoning {unknown}
 t - a scroll of fog {unknown}
 u - a scroll of magic mapping {unknown}
Potions
 h - a potion of attraction {unknown}
 i - a potion of might {unknown}
 l - a potion of mutation {unknown}
 p - 2 potions of brilliance {unknown}


   Skills:
 + Level 2.4 Fighting
 * Level 4.0 Maces & Flails
 + Level 2.7 Throwing
 + Level 3.1 Dodging


You had 4 spell levels left.
You didn't know any spells.
Your spell library contained the following spells:

 Spells                   Type           Power      Damage    Failure   Level
 Airstrike                Air            0%         N/A       99%         4
 Olgreb's Toxic Radiance  Pois           0%         N/A       99%         4
 Summon Lightning Spire   Summ/Air       0%         N/A       99%         4
 Lightning Bolt           Conj/Air       0%         1d11      100%        5
 Ozocubu's Refrigeration  Ice            0%         4d5       100%        7
 Ignition                 Fire           0%         3d3       100%        8


Dungeon Overview and Level Annotations

Branches:
Dungeon (3/15)

Altars:
Yredelemnul


Innate Abilities, Weirdness & Mutations

You are too large for most types of armour.
You have claws for hands.
Your natural rate of healing is unusually fast.
You are covered in fur. (AC +1)
You have tough skin. (AC +1)


Message History

The orc priest barely misses you. The orc hits you with a +0 flail.
The orc hits you but does no damage.
You barely miss the orc priest.
The orc priest is almost dead.
The orc priest hits you but does no damage.
The orc hits you with a +0 flail. The orc hits you but does no damage.
You barely miss the orc priest.
The orc priest is almost dead.
The orc priest mumbles some strange prayers to Beogh against you.
Beogh smites you! The orc hits you with a +0 flail. The orc barely misses you.
You are too injured to fight recklessly!
You are too injured to fight recklessly!
You are too injured to fight recklessly!
You claw the orc priest!
You kill the orc priest!
The orc flies into a frenzy!
The orc barely misses the orc.
The orc hits the orc with a +0 flail!
The orc dies!
Your Maces & Flails skill increases to level 4!
You scratch the orc but do no damage.
Found a chain mail.
The orc priest hits you with a +0 dagger.
The orc closely misses you. The orc barely misses you.
There is an open door here.
You scratch the orc priest but do no damage.
The orc priest closely misses you. The orc barely misses you.
The orc hits you with a +0 flail.
You scratch the orc priest.
The orc priest is moderately wounded.
The orc priest hits you but does no damage.
The orc hits you with a +0 club. The orc barely misses you.
You scratch the orc priest.
The orc priest is heavily wounded.
The orc priest mumbles some strange prayers to Beogh against you.
Pain shoots through your body!
* * * LOW HITPOINT WARNING * * *
The orc hits you with a +0 club.
* * * LOW HITPOINT WARNING * * *
The orc hits you with a +0 flail.
You die...

#.......# #.....### #.....#
#.....# #.....# ######+ #.....#
....... #.....##########.......
##.............o#o......
..).............@o......
##.............)######.[
#####..........# #..........####
######### #...)......รท..#
#........
######.............###.##########
.....'.............'.............
######.............###.#..####.##
#....[........# #.#...# #..#


You could see an orc priest and 2 orcs.

Vanquished Creatures
  An orc priest (D:3)
  A jelly (D:3)
  3 adders
  A worm (D:3)
  3 dart slugs
  An orc (D:3)
  6 endoplasms
  2 giant cockroaches
  6 goblins
  7 hobgoblins
  4 jackals (D:1)
  5 quokkas
  6 ball pythons
  8 bats
  2 frilled lizards
  6 kobolds
  5 rats
67 creatures vanquished.

Vanquished Creatures (others)
  An orc (D:3)
  2 fungi (D:1)
  3 plants (D:1)
6 creatures vanquished.

Grand Total: 73 creatures vanquished

Notes
Turn   | Place    | Note
-------+----------+-------------------------------------------
     0 | D:1      | YayAnonymity the Troll Gladiator began the quest for the
                  | Orb.
     0 | D:1      | Reached XP level 1. HP: 19/19 MP: 0/0
   177 | D:1      | Reached XP level 2. HP: 24/28 MP: 1/1
   227 | D:1      | Reached skill level 3 in Maces & Flails
   310 | D:1      | Found a faded altar of an unknown god.
   392 | D:1      | Reached XP level 3. HP: 33/35 MP: 2/2
  1152 | D:2      | Found a basalt altar of Yredelemnul.
  1270 | D:2      | Reached XP level 4. HP: 42/42 MP: 3/3
  1809 | D:3      | Reached XP level 5. HP: 48/49 MP: 4/4
  1955 | D:3      | Reached skill level 4 in Maces & Flails
  1959 | D:3      | HP: 1/50 [orc/+0 club (4)]
  1959 | D:3      | Slain by an orc

Illustrated notes

Levels and vault maps discovered:
D:1:      heliophobic_arrival_battle_scene, layout_basic,
          shapermc_ecumenical_altar_mp_urbaneastern
D:2:      layout_loops_cross, basic_altar
D:3:      layout_basic, grunt_decor_junction

Skill      XL: |  1  2  3  4  5 |
---------------+----------------+-----
Maces & Flails | 3 4 |  4.0
Throwing       | 2 |  2.7
Fighting       | 2 |  2.4
Dodging        | 3 |  3.1

Action                   |  1- 3 |  4- 6 || total
-------------------------+-------+-------++-------
Melee: Unarmed           |   167 |    72 ||   239
       Flail             |     4 |       ||     4
       Punch             |       |     1 ||     1
 Stab: Sleeping          |     4 |       ||     4
Armor: Robe              |    71 |    27 ||    98
Dodge: Dodged            |   109 |    43 ||   152

Table legend: (Time is in decaauts)
 A = Elapsed time spent in this place.
 B = Non-inter-level travel time spent in this place.
 C = Inter-level travel time spent in this place.
 D = Time resting spent in this place.
 E = Time spent auto-exploring this place.
 F = Levels seen in this place.
 G = Mean time per level.
                   A        B        C        D        E       F      G
               +--------+--------+--------+--------+--------+-----+--------+
         Total |   1958 |   1902 |     56 |      0 |   1370 |   3 |  652.7 |
       Dungeon |   1958 |   1902 |     56 |      0 |   1370 |   3 |  652.7 |
               +--------+--------+--------+--------+--------+-----+--------+

Top non-repeatable levels by time:
     D:1: 978 daAuts
     D:2: 688 daAuts
     D:3: 291 daAuts
